 Dungeon Crawl Stone Soup version 0.30-a0-887-g5d03d06 (webtiles) character file.

Game seed: 10596563312939934533

2631 Illumine the Summoner (level 9, -10/41 HPs)
             Began as a Felid Summoner on Mar 17, 2023.
             Was an Initiate of Gozag.
             Killed from afar by a rime drake (24 damage)
             ... with an icy flash freeze
             ... on level 1 of the Lair of Beasts.
             The game lasted 00:21:02 (10994 turns).

Illumine the Summoner (Felid Summoner)             Turns: 10994, Time: 00:21:03

Health: -10/41     AC:  2    Str:  4    XL:     9   Next: 35%
Magic:  13/21      EV: 22    Int: 32    God:    Gozag
Gold:   913        SH:  0    Dex: 17    Spells: 6/22 levels left
                                        Lives:  0   Deaths: 2

rFire   . . .      SeeInvis +    (weapon unavailable)
rCold   . . .      Faith    .    (shield unavailable)
rNeg    . . .      Spirit   .    (body armour unavailable)
rPois   .          Reflect  .    (helmet unavailable)
rElec   .          Rampage  .    (cloak unavailable)
rCorr   .                        (gloves unavailable)
Will    +....                    (boots unavailable)
Stlth   ++                       (no amulet)
HPRegen 0.26/turn                f - +6 ring of intelligence
MPRegen 0.17/turn                A - +6 ring of intelligence

@: slowed, slow
A: very small, claws 1, fangs 3, see invisible, speed 1, shaggy fur 2, stealthy
paws, no weapons or thrown items, no armour, multi-lived
a: Renounce Religion, Potion Petition, Call Merchant, Bribe Branch


You were on level 1 of the Lair of Beasts.
You worshipped Gozag.
Gozag was pleased with you.
You visited 3 branches of the dungeon, and saw 11 of its levels.

You collected 1018 gold pieces.
You paid 105 gold pieces to Gozag.

Inventory:

Jewellery
 f - a +6 ring of intelligence (left paw)
 v - a ring of ice
 A - a +6 ring of intelligence (right paw)
 C - a +6 ring of strength
 E - a +5 ring of evasion
Wands
 y - a wand of paralysis (13)
 F - a wand of digging (6)
 I - a wand of polymorph (2)
Scrolls
 b - 3 scrolls of noise {unknown}
 c - 7 scrolls of identify {unknown}
 g - 5 scrolls of vulnerability {unknown}
 k - a scroll of magic mapping {unknown}
 l - a scroll of silence {unknown}
 m - 3 scrolls of teleportation {unknown}
 o - 5 scrolls of enchant weapon {unknown}
 p - 3 scrolls of fog {unknown}
 q - 4 scrolls of butterflies {unknown}
 r - 2 scrolls of poison {unknown}
 s - 3 scrolls of amnesia {unknown}
 u - 3 scrolls of acquirement {unknown}
 w - 2 scrolls of brand weapon {unknown}
 B - a scroll of enchant armour {unknown}
 D - 2 scrolls of fear {unknown}
Potions
 a - 2 potions of magic
 d - 3 potions of mutation {unknown}
 e - a potion of brilliance {unknown}
 h - 4 potions of heal wounds {unknown}
 i - a potion of lignification {unknown}
 j - 2 potions of ambrosia {unknown}
 n - 6 potions of curing
 x - a potion of invisibility {unknown}
 z - 2 potions of haste {unknown}
 H - a potion of degeneration {unknown}
Miscellaneous
 G - a tin of tremorstones (2/2)


   Skills:
 + Level 5.7 Fighting
 + Level 8.1 Dodging
 - Level 2.6 Stealth
 + Level 7.4 Spellcasting
 - Level 4.0 Hexes
 + Level 8.8 Summonings
 - Level 6.0 Air Magic
 + Level 2.0 Evocations


You had 6 spell levels left.
You knew the following spells:

 Your Spells              Type           Power      Damage    Failure   Level
a - Summon Small Mammal   Summ           100%       N/A       1%          1
b - Call Imp              Summ           62%        N/A       1%          2
c - Call Canine Familiar  Summ           62%        N/A       1%          3
d - Summon Guardian Gole  Hex/Summ       52%        N/A       1%          3
e - Tukima's Dance        Hex            37%        N/A       2%          3
f - Summon Lightning Spi  Summ/Air       56%        N/A       1%          4

Your spell library contained the following spells:

 Spells                   Type           Power      Damage    Failure   Level
 Sandblast                Erth           22%        2d7       4%          1
 Passwall                 Tmut/Erth      9%         N/A       6%          2
 Ignite Poison            Fire/Tmut/Pois 11%        N/A       12%         3
 Stone Arrow              Conj/Erth      22%        3d8       12%         3
 Sticky Flame             Conj/Fire      11%        2d3       36%         4
 Blade Hands              Tmut           5%         N/A       73%         5
 Ignition                 Fire           5%         3d4       100%        8
 Portal Projectile        Hex/Tloc       Unusable   N/A       N/A         3

Dungeon Overview and Level Annotations

Branches:
Dungeon (9/15)             Temple (1/1) D:7            Lair (1/5) D:8
    Orc (0/2) D:9

Altars:
Elyvilon
Fedhas
Gozag
Hepliaklqana
Makhleb
Ru
Vehumet
Wu Jian
Zin

Annotations:
D:4 2 transporters, Dega's ghost, amateur OpFi


Innate Abilities, Weirdness & Mutations

You have sharp claws.
You have razor-sharp teeth.
You have supernaturally acute eyesight. (SInv)
You cover ground quickly. (Speed+)
You are covered in thick fur. (AC +2)
Your paws help you pounce on unaware monsters.
You are incapable of wielding weapons or throwing items.
You cannot wear armour.
You gain extra lives every three experience levels.


Message History

The icy flash freeze hits you!!
Ouch! That really hurt!
* * * LOW HITPOINT WARNING * * *
You are encased in ice.
The rime drake misses you. x2
You swap places.
The rime drake bites your warg.
The rime drake closely misses your warg.
The rime drake barely misses your warg.
Your warg closely misses the rime drake.
The rime drake bites your warg! The ice encasing you melts away.
Your guardian golem is no longer moving slowly.
The rime drake barely misses your warg. The rime drake bites your warg.
Your warg bites the rime drake.
The rime drake closely misses your warg.
The rime drake bites your warg.
Casting: Call Canine Familiar (safe; 1% risk of failure)
Confirm with . or Enter, or press ? or * to list all spells.
An electric hum fills the air.
The rime drake bites your warg. The rime drake breathes ice at you.
The icy flash freeze hits your warg!
Your warg is flash-frozen.
Your warg closely misses the rime drake.
The rime drake bites your warg.
The rime drake bites your warg but does no damage.
Your warg barely misses the rime drake.
The rime drake completely misses your warg.
The rime drake bites your warg.
Your warg closely misses the rime drake.
The rime drake bites your warg but does no damage.
Your warg is no longer encased in ice.
The rime drake bites your warg. The rime drake bites your warg!
The rime drake bites your warg.
Your warg closely misses the rime drake.
The rime drake bites your warg but does no damage.
The rime drake breathes ice at you. The icy flash freeze misses your warg.
The icy flash freeze hits you!!
Ouch! That really hurt!
You die...
Your body crumbles into a pile of gold.

##..#######.#.......#
#....##...###.......#
..##..##...#.......##
......w##..>..####.#
######k###....######
#kh9.......#
###........#
#.#.......##
###8@......#
#........##
##........#
#P........#
##........##
#.........#
#........##
##.##.....#
#...##...##


You could see a torpor snail, 2 rime drakes, a friendly guardian golem
(summoned), a friendly warg (summoned, sheltered, slow) and a friendly lightning
spire (summoned, sheltered).

Vanquished Creatures
  8 electric eels
  A white imp (D:5)
  A dart slug (D:1)
  A ball python (D:5)
  A giant cockroach (D:1)
  A goblin (D:4)
  2 bats
  A frilled lizard (D:1)
  A kobold (D:1)
  3 rats
20 creatures vanquished.

Vanquished Creatures (collateral kills)
  A cane toad (Lair:1)
  A komodo dragon (Lair:1)
  2 trolls
  A shadow (D:9)
  Sigmund (D:6)
  2 water moccasins
  A black bear (D:8)
  An ice beast (D:6)
  3 orc warriors
  2 sky beasts
  2 ogres
  3 centaurs (D:7)
  3 wolves (D:8)
  3 phantoms
  2 bullfrogs (D:8)
  Blork the orc (D:6)
  A scorpion (D:5)
  3 killer bees (D:8)
  5 howler monkeys (D:9)
  An electric eel (D:8)
  6 hounds
  4 jellies
  4 orc priests
  4 gnoll boudas (D:7)
  2 iguanas
  5 orc wizards
  13 gnolls
  8 adders
  A shadow imp (D:6)
  A white imp (D:8)
  An ufetubus (D:5)
  3 worms
  3 dart slugs
  28 orcs
  7 endoplasms
  3 giant cockroaches
  5 goblins
  7 jackals
  6 kobolds
  8 ball pythons
  3 bats (D:1)
  6 frilled lizards
  2 rats (D:1)
169 creatures vanquished.

Vanquished Creatures (others)
  A wyvern (D:8)
  2 ice beasts
  An orc warrior (D:9)
  A wolf (D:8)
  An ogre (D:7)
  A killer bee (D:8)
  2 iguanas
  An orc wizard (D:8)
  An orc (D:9)
  6 fungi (D:7)
  31 plants
48 creatures vanquished.

Grand Total: 237 creatures vanquished

Notes
Turn   | Place    | Note
-------+----------+-------------------------------------------
     0 | D:1      | Illumine the Felid Summoner began the quest for the Orb.
     0 | D:1      | Reached XP level 1. HP: 7/7 MP: 4/4
   226 | D:1      | Reached XP level 2. HP: 10/11 MP: 3/6
   233 | D:1      | Learned a level 2 spell: Call Imp
   298 | D:1      | Found a faded altar of an unknown god.
  1072 | D:2      | Reached XP level 3. HP: 14/14 MP: 6/8
  1076 | D:2      | Learned a level 3 spell: Call Canine Familiar
  1883 | D:2      | Reached XP level 4. HP: 18/18 MP: 3/9
  1965 | D:2      | Reached skill level 5 in Summonings
  2158 | D:3      | Learned a level 3 spell: Summon Guardian Golem
  2175 | D:3      | Identified the +6 chain mail "Liuficoe" {Harm rElec}
  2238 | D:3      | Noticed an ogre
  2249 | D:3      | Killed an ogre
  2250 | D:3      | Reached XP level 5. HP: 21/21 MP: 7/11
  2596 | D:3      | HP: 1/21 [hound (5)]
  2857 | D:4      | Gained mutation: You are covered in thick fur. (AC +2)
                  | [Felid growth]
  2857 | D:4      | Reached XP level 6. HP: 24/24 MP: 8/13
  3019 | D:4      | Learned a level 3 spell: Tukima's Dance
  3035 | D:4      | Found an ornate altar of the Wu Jian Council.
  3096 | D:4      | Found a transporter.
  3097 | D:4      | Noticed Dega's ghost (amateur OpFi)
  3098 | D:4      | Identified the +9 dire flail of Havoc {flame, rElec rCorr}
  3103 | D:4      | Found a transporter.
  3237 | D:5      | Entered Level 5 of the Dungeon
  3601 | D:5      | Reached skill level 1 in Fighting
  3601 | D:5      | Reached XP level 7. HP: 28/28 MP: 12/14
  4083 | D:5      | Reached skill level 5 in Spellcasting
  4126 | D:5      | Learned a level 4 spell: Summon Lightning Spire
  4751 | D:5      | Identified the +1 rapier of Cataclysm {heavy, Fragile rC+
                  | SInv}
  4999 | D:6      | Noticed Blork the orc
  5015 | D:6      | Killed Blork the orc
  5016 | D:6      | Reached skill level 1 in Air Magic
  5046 | D:6      | Reached XP level 8. HP: 31/33 MP: 9/17
  5809 | D:6      | Noticed Sigmund
  5826 | D:6      | Killed Sigmund
  5827 | D:6      | Reached skill level 5 in Dodging
  6061 | D:7      | Found a staircase to the Ecumenical Temple.
  6078 | Temple   | Entered the Ecumenical Temple
  6149 | Temple   | Became a worshipper of Gozag Ym Sagoz the Greedy
  6947 | D:7      | Reached XP level 9. HP: 12/38 MP: 9/19
  8166 | D:8      | Reached skill level 5 in Air Magic
  8416 | D:8      | Noticed a troll
  8438 | D:8      | Killed a troll
  8461 | D:8      | HP: 1/39 [electric eel/bolt of electricity (11)]
  8462 | D:8      | Killed from afar by an electric eel
  8463 | D:8      | Reached XP level 8. HP: -7/36 MP: 11/18
  8654 | D:8      | Reached XP level 9. HP: 6/39 MP: 13/20
  9185 | D:9      | Noticed a troll
  9196 | D:9      | Killed a troll
  9197 | D:9      | Reached skill level 5 in Fighting
  9432 | D:9      | Found a staircase to the Orcish Mines.
  9492 | D:9      | Killed from afar by an electric eel
  9493 | D:9      | Reached XP level 8. HP: 0/37 MP: 8/19
 10467 | D:8      | Reached skill level 1 in Evocations
 10513 | D:8      | Reached XP level 9. HP: 26/40 MP: 20/20
 10611 | D:8      | Found a staircase to the Lair.
 10701 | Lair:1   | Entered Level 1 of the Lair of Beasts
 10793 | Lair:1   | Noticed a cane toad
 10820 | Lair:1   | Killed a cane toad
 10904 | Lair:1   | Noticed a komodo dragon
 10905 | Lair:1   | Noticed a rime drake
 10914 | Lair:1   | Killed a komodo dragon
 10949 | Lair:1   | Found the +4 skin of Zhor {*Englaciate rC+++ SInv}
 10951 | Lair:1   | Noticed a rime drake
 10981 | Lair:1   | Noticed a rime drake
 10982 | Lair:1   | Noticed a torpor snail
 10982 | Lair:1   | Noticed a rime drake
 10994 | Lair:1   | Killed from afar by a rime drake

Illustrated notes

Levels and vault maps discovered:
D:1:      minmay_arrival_glassed_features, layout_basic,
          ebering_ecumenical_altar_box
D:2:      minmay_wonky_spiral, layout_loops_ring
D:3:      layout_rooms, cheibrodos_gnoll_hut
D:4:      layout_basic, lemuel_crystal_altar, gammafunk_ghost_smash
D:5:      layout_basic, cheibrodos_sewer_entry_sluice
D:6:      layout_basic, grunt_tough_drop, uniq_sigmund, uniq_blork_the_orc
D:7:      kennysheep_seaside_town, layout_loops_corners,
          minmay_temple_entry_antechambers
D:8:      layout_basic, erik_lair_island
D:9:      layout_loops_corners, orc_0_dummy, chequers_big_river
Temple:   regret_index_temple_sigil_plot
Lair:1:   layout_cave_pods, hellmonk_guarded_unrand_zhor

Skill      XL: |  1  2  3  4  5  6  7  8  9 |
---------------+----------------------------+-----
Spellcasting   | 3 4 5 6 7 |  7.4
Summonings     | 5 6 7 8 |  8.8
Hexes          | 2 3 4 |  4.0
Fighting       | 1 2 3 5 |  5.7
Dodging        | 3 4 5 8 |  8.1
Air Magic      | 1 4 6 |  6.0
Evocations     | 1 2 |  2.0
Stealth        | |  2.6

Action                     |  1- 3 |  4- 6 |  7- 9 || total
---------------------------+-------+-------+-------++-------
  Melee: Unarmed           |    15 |    11 |    15 ||    41
         Bite              |     4 |     1 |       ||     5
   Cast: Summon Small Mamm |    24 |     3 |     1 ||    28
         Call Imp          |    13 |     9 |     6 ||    28
         Call Canine Famil |     8 |    10 |    48 ||    66
         Summon Guardian G |       |     7 |    54 ||    61
         Tukima's Dance    |       |       |     1 ||     1
         Summon Lightning  |       |       |    29 ||    29
  Evoke: Wand              |       |       |    17 ||    17
    Use: Potion            |       |       |     2 ||     2
   Stab: Sleeping          |     2 |       |       ||     2
 Armour: Skin              |     3 |     4 |     3 ||    10
  Dodge: Dodged            |    31 |    51 |    84 ||   166

Table legend: (Time is in decaauts)
 A = Elapsed time spent in this place.
 B = Non-inter-level travel time spent in this place.
 C = Inter-level travel time spent in this place.
 D = Time resting spent in this place.
 E = Time spent auto-exploring this place.
 F = Levels seen in this place.
 G = Mean time per level.
                   A        B        C        D        E       F      G
               +--------+--------+--------+--------+--------+-----+--------+
         Total |   9751 |   9414 |    337 |   1584 |   5847 |  11 |  886.5 |
       Dungeon |   9394 |   9075 |    319 |   1546 |   5609 |   9 | 1043.8 |
        Temple |     84 |     67 |     17 |      0 |     55 |   1 |   84.0 |
          Lair |    272 |    272 |      0 |     38 |    182 |   1 |  272.0 |
               +--------+--------+--------+--------+--------+-----+--------+

Top non-repeatable levels by time:
     D:7: 1639 daAuts
     D:5: 1456 daAuts
     D:8: 1232 daAuts
     D:9: 1193 daAuts
     D:6: 1026 daAuts
     D:2: 982 daAuts
     D:1: 914 daAuts
     D:3: 583 daAuts
     D:4: 364 daAuts
  Lair:1: 272 daAuts
  Temple: 84 daAuts
